 Dungeon Crawl Stone Soup version 0.29.1 (webtiles) character file.

Game seed: 6041935306852750500

40 vvl the Stinger (level 3, 0/25 HPs)
             Began as a Merfolk Venom Mage on Sept 14, 2022.
             Succumbed to an adder's poison
             ... on level 2 of the Dungeon.
             The game lasted 00:03:07 (1823 turns).

vvl the Stinger (Merfolk Venom Mage)                Turns: 1823, Time: 00:03:07

Health: 0/25       AC:  2    Str: 10    XL:     3   Next: 50%
Magic:  6/6        EV: 12    Int: 14    God:
Gold:   83         SH:  3    Dex: 14    Spells: 5/6 levels left

rFire   . . .      SeeInvis .   e - +0 dagger (venom)
rCold   . . .      Faith    .   j - +0 buckler
rNeg    . . .      Spirit   .   a - +0 robe
rPois   .          Reflect  .   (no helmet)
rElec   .          Harm     .   (no cloak)
rCorr   .          Rampage  .   (no gloves)
Will    .....                   (no boots)
Stlth   ++........              (no amulet)
HPRegen 0.08/turn               (no ring)
MPRegen 0.10/turn               (no ring)

@: lethally poisoned (0 -> -7), hasted, very quick
A: (nimble swimmer 2), mertail
a: no special abilities


You were on level 2 of the Dungeon.
You visited 1 branch of the dungeon, and saw 2 of its levels.

You collected 83 gold pieces.

Inventory:

Hand Weapons
 e - a +0 dagger of venom (weapon)
Armour
 a - a +0 robe (worn)
 j - a +0 buckler (worn)
Scrolls
 d - a scroll of fear {unknown}
 g - a scroll of fog {unknown}
 i - a scroll of brand weapon {unknown}
 k - a scroll of noise {unknown}
Potions
 b - a potion of magic
 c - a potion of degeneration {unknown}
 f - 2 potions of haste
 h - a potion of berserk rage {unknown}


   Skills:
 + Level 0.6 Fighting
 + Level 1.3 Polearms
 + Level 0.4 Armour
 + Level 2.9 Dodging
 + Level 2.5 Stealth
 + Level 0.6 Shields
 + Level 2.1 Spellcasting
 + Level 1.9 Transmutations
 + Level 3.6 Poison Magic


You had 5 spell levels left.
You knew the following spells:

 Your Spells              Type           Power      Damage    Failure   Level
a - Sting                 Tmut/Pois      36%        1d4       11%         1

Your spell library contained the following spells:

 Spells                   Type           Power      Damage    Failure   Level
 Beastly Appendage        Tmut           12%        N/A       14%         1
 Poisonous Vapours        Pois/Air       12%        N/A       22%         2
 Wereblood                Tmut           6%         N/A       22%         2
 Spider Form              Tmut/Pois      9%         N/A       30%         3
 Mephitic Cloud           Conj/Pois/Air  4%         N/A       52%         3
 Olgreb's Toxic Radiance  Pois           11%        N/A       58%         4


Dungeon Overview and Level Annotations

Branches:
Dungeon (2/15)

Altars:


Innate Abilities, Weirdness & Mutations

((You are very nimble when in or above water. (Stealth+, EV+, Speed+++)))
Your lower body shifts to a powerful aquatic tail in water.


Message History

The jackal is moderately wounded.
The jackal closely misses you. You block the jackal's attack.
The jackal barely misses you.
You closely miss the jackal.
The jackal is moderately wounded.
The jackal completely misses you. The jackal barely misses you.
You block the jackal's attack.
An endoplasm comes into view.
The jackal bites you. The jackal closely misses you. The jackal misses you.
You closely miss the jackal.
The jackal is severely wounded.
You kill the jackal!
The jackal bites you.
An ogre comes into view. It is wielding a +0 giant club.
The jackal bites you. The kobold hits you but does no damage.
The rat attacks as you move away! The rat closely misses you.
The jackal bites you. The jackal barely misses you.
The adder completely misses you. The jackal closely misses you.
The rat attacks as you move away! The rat barely misses you.
You block the jackal's attack. The jackal bites you.
The adder bites you but does no damage. The adder bites you.
You are poisoned.
The adder poisons you! The adder attacks as you move away! The adder bites you.
You feel sick. The jackal barely misses you. The adder bites you.
You are lethally poisoned!
The adder poisons you! The adder attacks as you move away!
The adder closely misses you.
* * * LOW HITPOINT WARNING * * *
You feel very sick. The adder attacks as you move away! The adder bites you.
* * * LOW HITPOINT WARNING * * *
The jackal attacks as you move away!
The jackal bites you but does no damage.
* * * LOW HITPOINT WARNING * * *
You feel sick. The adder bites you.
* * * LOW HITPOINT WARNING * * *
It was a potion of haste.
You feel yourself speed up.
You die...

....... ..#.###.# .#
...O... #.#...# ..
....... # #.#.# ..
....... #.#.# ..
..)....############.#.##
##
.......J.........#.....#
........<........#.....#
#......K.h...+.....#
####
##......hS@...#.....#
#...
#.......rS....##...##
#...
..?.####...####.#....###
#... ..... #...#
#.#......# #... ..#.
#...# #......#.# ##'# .
. +...# ####...#.# #...
.. #...# #.....###...
#...# #....)#+#.##....
######....... .##....


You could see 2 adders, an endoplasm, 2 jackals, a kobold and a rat.

Vanquished Creatures
  A dart slug (D:1)
  A ball python (D:2)
  2 bats (D:1)
  5 endoplasms
  4 giant cockroaches
  6 goblins
  2 hobgoblins (D:1)
  2 jackals (D:2)
  A quokka (D:2)
  A frilled lizard (D:2)
  3 kobolds
  5 rats
33 creatures vanquished.

Notes
Turn   | Place    | Note
-------+----------+-------------------------------------------
     0 | D:1      | vvl the Merfolk Venom Mage began the quest for the Orb.
     0 | D:1      | Reached XP level 1. HP: 13/13 MP: 3/3
   443 | D:1      | Reached XP level 2. HP: 20/20 MP: 5/5
   728 | D:1      | Reached skill level 1 in Polearms
  1226 | D:1      | Found a faded altar of an unknown god.
  1230 | D:1      | Reached XP level 3. HP: 25/25 MP: 6/6
  1816 | D:2      | Noticed an ogre
  1823 | D:2      | Succumbed to an adder's poison

Illustrated notes

Levels and vault maps discovered:
D:1:      heliophobic_arrival_glass_houses, layout_loops_ring,
          ebering_ecumenical_altar_hall, minmay_pentomino_r4
D:2:      layout_basic

Skill      XL: |  1  2 |
---------------+-------+-----
Polearms       | 1 |  1.3
Fighting       | |  0.6
Armour         | |  0.4
Dodging        | |  2.9
Stealth        | |  2.5
Shields        | |  0.6
Spellcasting   | |  2.1
Transmutations | |  1.9
Poison Magic   | |  3.6

Action                   || total
-------------------------++-------
Melee: Unarmed           ||    12
       Dagger            ||    61
 Cast: Sting             ||     8
  Use: Potion            ||     1
 Stab: Sleeping          ||    11
Armor: Robe              ||     8
Dodge: Dodged            ||    41
Block: Buckler           ||     7
